[Event "*** Titled Tuesday Blitz"]
[Site "Chess.com"]
[Date "2020.01.07"]
[Round "4"]
[White "Benjoneliere44"]
[Black "Alexander_Donchenko"]
[Result "1-0"]
[WhiteElo "2558"]
[BlackElo "2738"]
[TimeControl "180+2"]
[EndTime "13:53:59 PST"]
[Termination "Benjoneliere44 won by resignation"]

1. d4 Nf6 2. Bf4 g6 3. Nc3 Bg7 4. e4 d6 5. Qd2 c6 6. O-O-O O-O 7. Bh6 Nbd7 8. h4 e5 9. dxe5 dxe5 10. f3 Qe7 11. h5 Nxh5 12. Nge2 Re8 13. g4 Nf4 14. Bxg7 Kxg7 15. Nxf4 exf4 16. Qxf4 g5 17. Qh2 Nf8 18. Qh6+ Kg8 19. Rh5 f6 20. e5 Qxe5 21. Ne4 Qf4+ 22. Kb1 Rxe4 23. fxe4 Bxg4 24. Bc4+ Kh8 25.
Rf1 Rd8 26. a4 Bf3 27. Rh3 Qe5 28. Rhxf3 g4 29. Rxf6 1-0

[Event "*** Titled Tuesday Blitz"]
[Site "Chess.com"]
[Date "2020.01.07"]
[Round "4"]
[White "JonahWillow"]
[Black "Parhamov"]
[Result "1-0"]
[WhiteElo "2802"]
[BlackElo "3056"]
[TimeControl "180+2"]
[EndTime "13:54:01 PST"]
[Termination "JonahWillow won by resignation"]

1. e4 e5 2. Nf3 Nc6 3. Nc3 Nf6 4. Bb5 Bb4 5. O-O O-O 6. d3 d6 7. Bg5 Bxc3 8. bxc3 Ne7 9. Nh4 Ng6 10. Qf3 h6 11. Bxf6 Nxh4 12. Bxh4 Qxh4 13. Bc4 Be6 14. Bb3 a5 15. Rab1 b6 16. Qe3 Bxb3 17. axb3 f5 18. exf5 Rxf5 19. Qe4 Qxe4 20. dxe4 Rff8 21. Rfd1 a4 22. Ra1 a3 23. Ra2 Ra7 24. f3 Kf7 25.
Kf2 Ke6 26. Ke3 c5 27. c4 g5 28. Rda1 Rfa8 29. Rf1 h5 30. h3 g4 31. hxg4 hxg4 32.
fxg4 Rg8 33. Rfa1 Rxg4 34. Rxa3 Rag7 35. Rg1 Rg3+ 36. Kd2 R7g4 37. Ra6 Rxe4 38. Rxb6 Rd4+ 39. Ke2 Rc3 40. Rc1 e4 41. Rb8 Ke7 42. Rb7+ Ke6 43. Rb8 Kd7 44. Rb7+ Kc8 45. Re7 Kd8 46. Rg7 e3 47.
Ra1 Rxc2+ 48. Kxe3 Rc3+ 49. Kf2 Rc2+ 50. Kg1 1-0

[Event "*** Titled Tuesday Blitz"]
[Site "Chess.com"]
[Date "2020.01.07"]
[Round "4"]
[White "SavelijTartakover"]
[Black "SavelievAlexei"]
[Result "1-0"]
[WhiteElo "2715"]
[BlackElo "2323"]
[TimeControl "180+2"]
[EndTime "13:54:01 PST"]
[Termination "SavelijTartakover won on time"]

1. d4 Nf6 2. c4 e6 3. Nf3 b6 4. g3 Bb7 5. Bg2 Be7 6. O-O O-O 7. Nc3 Ne4 8. Bd2 f5 9. d5 exd5 10. Nxd5 Bd6 11. Bf4 Bxf4 12. Nxf4 Qf6 13. Nd5 Qd6 14.
Nd4 c6 15. Nf4 g6 16. e3 Na6 17. Qe2 Rae8 18. Rfd1 Qe7 19. h4 Nc7 20. Rac1 Ba6 21. b3 Qg7 22. Qc2 Bb7 23. Nf3 Ne6 24. Nxe6 dxe6 25.
Ng5 Nxg5 26. hxg5 Re7 27. Rd6 Rc8 28. Rcd1 e5 29. c5 1-0

[Event "*** Titled Tuesday Blitz"]
[Site "Chess.com"]
[Date "2020.01.07"]
[Round "4"]
[White "fish7728"]
[Black "Zq1"]
[Result "0-1"]
[WhiteElo "2136"]
[BlackElo "2524"]
[TimeControl "180+2"]
[EndTime "13:54:03 PST"]
[Termination "Zq1 won on time"]

1. d4 Nf6 2. c4 a6 3. g3 c5 4. Nf3 cxd4 5. Nxd4 d5 6. Bg2 e5 7. Nf3 d4 8. O-O Nc6 9. e3 Bc5 10. exd4 Bxd4 11. Nxd4 exd4 12. Re1+ Be6 13. b3 O-O 14. Nd2 Bf5 15. Ne4 Re8 16. Nxf6+ Qxf6 17. Bf4 g5 18. Bd2 Rad8 19. Qf3 Ne5 20. Qxb7 Nd3 21. Rxe8+ Rxe8 22. Qc6 Qxc6 23. Bxc6 Re2 24. Bxg5 Nxf2 25. Bg2 d3 26. Rf1 Nh3+ 27. Bxh3 Bxh3 28. Rd1 Rg2+ 29. Kh1 Rxa2 30. c5 Rc2 31. Be3 Bf5 32. Kg1 Be4 0-1

[Event "*** Titled Tuesday Blitz"]
[Site "Chess.com"]
[Date "2020.01.07"]
[Round "4"]
[White "brendan174"]
[Black "guillembaches"]
[Result "0-1"]
[WhiteElo "2091"]
[BlackElo "2296"]
[TimeControl "180+2"]
[EndTime "13:54:09 PST"]
[Termination "guillembaches won by resignation"]

1. d4 Nf6 2. Nc3 d6 3. e4 Nbd7 4. Nf3 e5 5. Bc4 Be7 6. O-O O-O 7. h3 c6 8. a4 Qc7 9. Be3 h6 10. Qd2 Kh7 11. Rad1 a5 12. Rfe1 b6 13. Qe2 Bb7 14. dxe5 Nxe5 15. Nxe5 dxe5 16. Qf3 Bc8 17. Rd2 Be6 18.
Bxe6 fxe6 19. Qg3 Bb4 20. f3 Rf7 21. Red1 Nd7 22. Qg4 Nc5 23. Bxc5 Bxc5+ 24. Kh1 Re8 25. Ne2 b5 26. axb5 cxb5 27. Ng3 b4 28. Nf1 a4 29. Qh4 Bd4 30. b3 a3 31. Qe1 Qc3 32. Qe2 a2 33. Rd3 a1=Q 0-1

[Event "*** Titled Tuesday Blitz"]
[Site "Chess.com"]
[Date "2020.01.07"]
[Round "4"]
[White "Kumi29"]
[Black "norwaytoadog"]
[Result "0-1"]
[WhiteElo "2484"]
[BlackElo "2334"]
[TimeControl "180+2"]
[EndTime "13:54:10 PST"]
[Termination "norwaytoadog won by checkmate"]

1. d4 Nf6 2. Bg5 e6 3. Nd2 h6 4.
Bh4 b6 5. e4 Be7 6. e5 Ng8 7.
Bg3 Bb7 8. Ngf3 d6 9. c3 a6 10. Bd3 Nd7 11. O-O dxe5 12. Nxe5 Ngf6 13. Re1 Nxe5 14.
Bxe5 O-O 15. Ne4 Nxe4 16. Bxe4 Bxe4 17. Rxe4 Bd6 18. Qf3 Qe7 19. Rae1 Rad8 20. Qg4 f5 21. Qxg7+ Qxg7 22. Bxg7 fxe4 23. Bxf8 Kxf8 24. Rxe4 Kf7 25.
g3 Kf6 26. f4 Kf5 27. Re2 c5 28. dxc5 Bxc5+ 29. Kg2 Rd1 30. b4 Bd6 31. Kf3 h5 32. Kf2 Rd3 33. Rc2 e5 34. fxe5 Bxe5 35. b5 a5 36. c4 Bd4+ 37. Kg2 Rc3 38. Re2 Rxc4 39. Re8 Rc2+ 40. Kf3 Rf2# 0-1

[Event "*** Titled Tuesday Blitz"]
[Site "Chess.com"]
[Date "2020.01.07"]
[Round "4"]
[White "AndrewMaco"]
[Black "Alopekos"]
[Result "1-0"]
[WhiteElo "2623"]
[BlackElo "2420"]
[TimeControl "180+2"]
[EndTime "13:54:14 PST"]
[Termination "AndrewMaco won by resignation"]

1. d4 d5 2. c4 c6 3. Nf3 Nf6 4. Nc3 e6 5. e3 Nbd7 6. Qc2 Bd6 7. Bd3 dxc4 8. Bxc4 b5 9. Be2 Bb7 10. O-O O-O 11. e4 e5 12. dxe5 Nxe5 13. Nh4 b4 14. Nf5 bxc3 15. Rd1 Ne8 16. Qxc3 Qf6 17. Nxd6 Nxd6 18. f4 Nxe4 19. Qxe5 Rfe8 20. Qxf6 Nxf6 21. Bf3 Nd5 22. Bd2 Re7 23. Re1 Rae8 24. Rxe7 Rxe7 25. Kf2 f6 26. Rc1 Kf7 27. Rc5 Rd7 28. Ra5 Ba8 29. g3 Nb6 30. Be3 Nc4 31. Rxa7 Rxa7 32. Bxa7 Nxb2 33.
Ke3 Ke6 34. Kd4 Kd6 35. Bc5+ Kd7 36. Bg4+ Kc7 37. Be6 Na4 38. Bf8 g6 39. Be7 c5+ 40. Bxc5 Nxc5 41. Kxc5 Be4 42. a4 Bd3 43. a5 Kb7 44. h4 1-0

[Event "*** Titled Tuesday Blitz"]
[Site "Chess.com"]
[Date "2020.01.07"]
[Round "4"]
[White "aa175"]
[Black "j2806"]
[Result "0-1"]
[WhiteElo "2219"]
[BlackElo "1856"]
[TimeControl "180+2"]
[EndTime "13:54:15 PST"]
[Termination "j2806 won by resignation"]

1. d4 Nf6 2. Bf4 e6 3. e3 d5 4.
Nf3 c5 5. Nbd2 Nc6 6. c3 Bd6 7. Bg3 b6 8. Bd3 Bb7 9. Qe2 Rc8 10. e4 dxe4 11. Nxe4 Nxe4 12. Bxe4 cxd4 13. Bxc6+ Bxc6 14. Bxd6 Qxd6 15. Nxd4 Bxg2 16. Rg1 Qxh2 17. O-O-O O-O 18. Qg4 Qh6+ 19. f4 Bd5 20. Nf3 f5 21. Qg3 Bxf3 22. Qxf3 Qf6 23. Rd7 Rf7 24. Qb7 Rd8 25. Rxf7 Qxf7 26.
Qf3 Qd7 27. Qg3 Qd2+ 28. Kb1 Qd3+ 29. Kc1 Qxg3 30. Rxg3 Kf7 31. Rh3 h6 32. Rh1 Kf6 33.
Kc2 e5 34. fxe5+ Kxe5 35. Re1+ Kf6 36. Rf1 g5 37. Rh1 Kg6 38. Re1 Kf6 39. Rh1 Rh8 40. Re1 f4 0-1

[Event "*** Titled Tuesday Blitz"]
[Site "Chess.com"]
[Date "2020.01.07"]
[Round "4"]
[White "DamianoLew95"]
[Black "quesfr"]
[Result "1-0"]
[WhiteElo "2596"]
[BlackElo "2212"]
[TimeControl "180+2"]
[EndTime "13:54:16 PST"]
[Termination "DamianoLew95 won on time"]

1. e4 e6 2. d3 c5 3. Nd2 Nc6 4. Ngf3 d5 5. g3 Bd6 6. Bg2 Nge7 7. O-O O-O 8. Re1 Qc7 9. Qe2 f6 10. Nf1 d4 11. N3d2 Bd7 12. Nc4 b5 13. Nxd6 Qxd6 14. e5 fxe5 15. Nd2 Nd5 16. Ne4 Qe7 17. Bg5 Nf6 18.
a4 bxa4 19. Rxa4 Rab8 20. b3 Rb4 21. Ra6 Rb6 22. Ra4 Rb4 23. Ra2 Rc8 24. Rea1 a5 25. Bd2 Rb5 26. Bg5 Ra8 27. Ra3 Ra7 28. Nd2 Qd6 29.
Nc4 Qc7 30. f4 exf4 31. Bxf4 e5 32. Nxe5 Nxe5 33. Bxe5 Qb6 34. Bxf6 Qxf6 35. Bd5+ Kh8 36. Rf1 Qd8 37. Qh5 1-0

[Event "*** Titled Tuesday Blitz"]
[Site "Chess.com"]
[Date "2020.01.07"]
[Round "4"]
[White "Bulldog167"]
[Black "gena217"]
[Result "0-1"]
[WhiteElo "2732"]
[BlackElo "2951"]
[TimeControl "180+2"]
[EndTime "13:54:19 PST"]
[Termination "gena217 won by resignation"]

1. d4 Nf6 2. c4 e6 3. Nf3 d5 4.
Nc3 dxc4 5. e4 Bb4 6. Bg5 c5 7.
Bxc4 cxd4 8. Nxd4 Bxc3+ 9. bxc3 Qa5 10. Bxf6 Qxc3+ 11. Kf1 gxf6 12. Rc1 Qa5 13. h4 Ke7 14.
Rh3 Rd8 15. Re3 Nc6 16. Nf5+ exf5 17. exf5+ Ne5 18. Qh5 Kd6 19. Qh6 Kc7 20. Qxf6 Nxc4 21. Rxc4+ Kb8 22. Rec3 Qd5 23. Kg1 a5 24. Rc5 Qd1+ 25.
Kh2 Ra6 26. Qxf7 Qd6+ 27. g3 h6 28. Rc7 Bd7 29. Qb3 Rb6 30. Qc2 Bc6 31. Rg7 Qd5 32. f3 Qd4 33. Rb3 Rxb3 0-1

[Event "*** Titled Tuesday Blitz"]
[Site "Chess.com"]
[Date "2020.01.07"]
[Round "4"]
[White "Rikikits"]
[Black "nurmiTV"]
[Result "1-0"]
[WhiteElo "2716"]
[BlackElo "2534"]
[TimeControl "180+2"]
[EndTime "13:54:19 PST"]
[Termination "Rikikits won on time"]

1. b3 d5 2. Bb2 Bg4 3. f3 Bh5 4. Nh3 f6 5. Nf4 Bf7 6. d4 Qd6 7. e3 e5 8. Nd3 Nd7 9. Be2 Nh6 10. O-O Nf5 11. Qd2 Qe6 12. dxe5 fxe5 13. e4 Qb6+ 14. Kh1 Ne3 15. Nc3 Nxf1 16. Rxf1 d4 17. Na4 Qg6 18. c4 Be7 19. f4 O-O 20. f5 Qg5 21. Qxg5 Bxg5 22. Nac5 Nxc5 23. Nxc5 b6 24. Nd3 Bf6 25.
Bc1 a5 26. a4 c6 27. g4 h6 28. h4 Bxh4 29. Nxe5 Rac8 30. Nxf7 Kxf7 31. e5 Rfd8 32. Bd3 Bg3 33. e6+ Ke7 34. Kg2 Be5 35. Re1 Bd6 36. g5 Rh8 37. Kf3 b5 38. Kg4 bxa4 39. bxa4 Rb8 40.
Rf1 Rb3 41. Rf3 Ba3 42. f6+ gxf6 43. gxf6+ Kd6 44. Bf4+ Kc5 45. e7 Kb6 46. Bg6 Rxf3 47. Kxf3 1-0

[Event "*** Titled Tuesday Blitz"]
[Site "Chess.com"]
[Date "2020.01.07"]
[Round "4"]
[White "Er_is_geen_hoop_meer"]
[Black "TheBigBoss04"]
[Result "0-1"]
[WhiteElo "2411"]
[BlackElo "2731"]
[TimeControl "180+2"]
[EndTime "13:54:20 PST"]
[Termination "TheBigBoss04 won by resignation"]

1. b4 g6 2. Bb2 Nf6 3. g4 Bg7 4.
h4 h6 5. Rh3 d6 6. Rg3 g5 7.
hxg5 hxg5 8. Nh3 e5 9. Nxg5 Nxg4 10. Nh3 f5 11. e4 Qh4 12. Qf3 f4 13. Rg1 Nh2 14.
Qg2 Bxh3 15. Qxh2 Bxf1 16. Qxh4 Rxh4 17. Kxf1 Kf7 18. Nc3 Nd7 19. Ke2 a6 20. Nd5 c6 21.
Ne7 Kxe7 22. Rxg7+ Ke6 23. Rag1 b5 24. R1g6+ Nf6 25. d4 a5 26. d5+ cxd5 27. exd5+ Kf5 28.
f3 Nxd5 29. Rxd6 Rh2+ 30. Ke1 Rh1+ 31. Kf2 Ne3 32. Rgg6 Rf8 33. Rge6 Nc4 34. Bxe5 Nxd6 35. Bxd6 Kxe6 36. Bxf8 a4 37. Bg7 Rh2+ 38. Ke1 Rxc2 39.
a3 Ra2 40. Bh6 Rxa3 41. Bxf4 Rxf3 42. Bc1 Rd3 43. Ke2 Rd7 44. Ke3 Kd5 45. Kd3 Rh7 46. Kc3 Rh3+ 47. Kb2 Kc4 48. Bd2 Rh2 49. Kc1 Rxd2 50. Kxd2 Kxb4 0-1

[Event "*** Titled Tuesday Blitz"]
[Site "Chess.com"]
[Date "2020.01.07"]
[Round "4"]
[White "Terao90"]
[Black "Kostina_Nadezhda"]
[Result "1-0"]
[WhiteElo "2427"]
[BlackElo "2120"]
[TimeControl "180+2"]
[EndTime "13:54:22 PST"]
[Termination "Terao90 won by resignation"]

1. d4 Nf6 2. c4 c5 3. e3 cxd4 4. exd4 e6 5. Nf3 d5 6. Nc3 Nc6 7.
Bd3 Be7 8. cxd5 exd5 9. O-O Bg4 10. Be3 O-O 11. h3 Bh5 12. Be2 Ne4 13. Rc1 Rc8 14.
Qb3 Na5 15. Qa4 b6 16. g4 Bg6 17. Ne5 Nxc3 18. Rxc3 Rxc3 19. bxc3 Be4 20. f3 Bg6 21. Nxg6 hxg6 22. f4 Bd6 23. Rf3 Qc7 24. Bd2 Rc8 25. Ba6 Rd8 26. Kg2 Qe7 27. Re3 Qf6 28. Re8+ Rxe8 29.
Qxe8+ Kh7 30. Qe3 Nc6 31. Qf3 Ne7 32. Bd3 Qe6 33. f5 gxf5 34. gxf5 Qf6 35. Qh5+ Kg8 36. Bg5 g6 37. Qh4 Qg7 38. f6 Qf8 39. fxe7 Qc8 40. Bf6 1-0

[Event "*** Titled Tuesday Blitz"]
[Site "Chess.com"]
[Date "2020.01.07"]
[Round "4"]
[White "tjallkompall"]
[Black "Pilopa"]
[Result "0-1"]
[WhiteElo "2751"]
[BlackElo "2559"]
[TimeControl "180+2"]
[EndTime "13:54:24 PST"]
[Termination "Pilopa won on time"]

1. d4 Nf6 2. Nf3 d5 3. e3 Bg4 4. Bd3 e6 5. c4 c6 6. O-O Nbd7 7. b3 Bd6 8. Bb2 O-O 9. Nbd2 Qe7 10. Qc2 Rad8 11. Ne5 Bh5 12. f4 Bg6 13. c5 Bc7 14. b4 Bxd3 15. Qxd3 Nxe5 16. fxe5 Nd7 17. b5 f6 18.
exf6 Nxf6 19. Rab1 e5 20. bxc6 e4 21. Qe2 bxc6 22.
Bc3 Qe6 23. h3 Rb8 24. Qa6 Rxb1 25. Rxb1 Nh5 26. Qxa7 Qf7 27. Qa6 Qf2+ 28. Kh1 Ng3+ 29. Kh2 Ne2+ 30. Kh1 Qg3 0-1

[Event "*** Titled Tuesday Blitz"]
[Site "Chess.com"]
[Date "2020.01.07"]
[Round "4"]
[White "kasparicy"]
[Black "MFBerna"]
[Result "1-0"]
[WhiteElo "2312"]
[BlackElo "2462"]
[TimeControl "180+2"]
[EndTime "13:54:27 PST"]
[Termination "kasparicy won on time"]

1. e4 c6 2. d4 d6 3. f3 Nf6 4. Nc3 g6 5. Be3 Bg7 6. Qd2 O-O 7. h4 h5 8. O-O-O e5 9. dxe5 Nfd7 10. exd6 Qa5 11. Nge2 b5 12. a3 b4 13. Na2 c5 14.
Kb1 Nc6 15. Nec1 Qb6 16. axb4 a5 17. b5 Nd4 18. g4 Nxf3 19. Qf2 hxg4 20. h5 gxh5 21.
Rxh5 Bb7 22. Bh6 Nf6 23. Bxg7 Nxh5 24. Bxf8 Kxf8 25. Nc3 a4 26. Be2 Nd4 27. Bxg4 Ng7 28.
e5 a3 29. Rf1 Ngf5 30. Bxf5 axb2 31. Be6 bxc1=Q+ 32. Kxc1 Ra1+ 33. Nb1 Rxb1+ 34. Kxb1 Qxb5+ 35. Kc1 Ne2+ 36. Kd2 Qb4+ 37. Kxe2 Ba6+ 38. c4 Qb2+ 39. Kf3 Qc3+ 40. Kg2 1-0

[Event "*** Titled Tuesday Blitz"]
[Site "Chess.com"]
[Date "2020.01.07"]
[Round "4"]
[White "bilelou"]
[Black "chito89"]
[Result "1-0"]
[WhiteElo "2556"]
[BlackElo "2701"]
[TimeControl "180+2"]
[EndTime "13:54:28 PST"]
[Termination "bilelou won by resignation"]

1. e4 c5 2. Nf3 e6 3. d4 cxd4 4. Nxd4 a6 5. c4 Nf6 6. Nc3 Bb4 7. Qd3 Qc7 8. Be2 O-O 9. Nc2 Be7 10. O-O Nc6 11. f4 d6 12. Be3 b6 13. Rac1 Nd7 14. Bf3 Bb7 15. Nd4 Nxd4 16. Bxd4 Rac8 17. b3 Bf6 18.
Rfd1 Bxd4+ 19. Qxd4 d5 20. exd5 Nf6 21. d6 Qd7 22.
Na4 Bxf3 23. gxf3 Qb7 24. Kf2 Nd7 25. b4 Qc6 26. Nb2 Rfe8 27. Nd3 Qa4 28. Rd2 f6 29. Re2 a5 30. a3 Qxa3 31. bxa5 Qxa5 32. Rce1 Qf5 33.
Qe4 Qh3 34. Kg1 Qh5 35. Rg2 Qf7 36. Kh1 e5 37. Reg1 g6 38. f5 Rxc4 39. fxg6 hxg6 40. Rxg6+ Kh8 41. Rh6+ 1-0

[Event "*** Titled Tuesday Blitz"]
[Site "Chess.com"]
[Date "2020.01.07"]
[Round "4"]
[White "Sashadav97"]
[Black "FairChess_on_YouTube"]
[Result "0-1"]
[WhiteElo "2580"]
[BlackElo "2991"]
[TimeControl "180+2"]
[EndTime "13:54:31 PST"]
[Termination "FairChess_on_YouTube won by resignation"]

1. d4 g6 2. c4 Bg7 3. e4 d6 4. Nf3 Bg4 5. Be2 Nc6 6. Nbd2 e5 7. d5 Nce7 8. h3 Bd7 9. c5 Nf6 10. O-O O-O 11. Qc2 Rc8 12. Qb3 b6 13. c6 Be8 14.
Qa3 a5 15. b4 Ra8 16. bxa5 Rxa5 17. Qb4 Nh5 18. Nb3 Ra8 19. g3 h6 20. Nh4 f5 21. Kh2 fxe4 22. Qxe4 Nf6 23. Qc2 Nfxd5 24. Bf3 g5 25. Nf5 Bg6 26. Bxd5+ Nxd5 27. Nxh6+ Kh7 28. Qd2 Kxh6 29. Qxd5 Kh7 30. Qd2 Rf5 31. a4 Qf6 32. Qe2 Rf8 33. Ra2 d5 34. a5 bxa5 35. Nxa5 Rf3 36.
Ba3 Rf7 37. Bc5 g4 38. hxg4 Be4 39. Rh1 Rc3 40. Bb4 Qh6+ 0-1

[Event "*** Titled Tuesday Blitz"]
[Site "Chess.com"]
[Date "2020.01.07"]
[Round "4"]
[White "kallerotmg"]
[Black "ExcitingTrap"]
[Result "0-1"]
[WhiteElo "2139"]
[BlackElo "2314"]
[TimeControl "180+2"]
[EndTime "13:54:33 PST"]
[Termination "ExcitingTrap won by checkmate"]

1. e4 e6 2. d4 d5 3. Nd2 Nf6 4. e5 Nfd7 5. Bd3 c5 6. c3 Nc6 7. Ne2 cxd4 8. cxd4 f6 9. exf6 Nxf6 10. O-O Bd6 11.
Nf3 Qc7 12. Bg5 O-O 13. Rc1 Bd7 14. Qc2 h6 15. Bh4 Nh5 16. Bh7+ Kh8 17. Bg6 Rxf3 18. Bxh5 Rff8 19. Bg3 Bxg3 20. hxg3 e5 21. dxe5 Qxe5 22. Bg6 Bf5 23. Bxf5 Rxf5 24. Rfe1 Nb4 25. Qd2 Qd6 26. a3 Nc6 27. Nf4 Raf8 28. Re6 Qd7 29. Ng6+ Kg8 30.
Nxf8 Rxf8 31. Re3 d4 32. Rf3 Re8 33. Re1 Ne5 34. Rf4 Nc6 35. Rfe4 Rf8 36. b4 a6 37. Qa2+ Kh8 38. Qe6 Qd8 39. Rg4 d3 40. Qg6 Qd7 41. Rd1 Ne5 42. Qe4 Qxg4 43. Qxg4 Nxg4 44. Rxd3 Nxf2 45. Rd7 Ng4 46. Rxb7 Rc8 47. Rb6 Rc1# 0-1

[Event "*** Titled Tuesday Blitz"]
[Site "Chess.com"]
[Date "2020.01.07"]
[Round "4"]
[White "TST2014"]
[Black "PawnEatingZombie"]
[Result "1-0"]
[WhiteElo "2510"]
[BlackElo "2292"]
[TimeControl "180+2"]
[EndTime "13:54:35 PST"]
[Termination "TST2014 won by resignation"]

1. d4 d5 2. c4 e6 3. Nf3 dxc4 4. e3 b5 5. a4 c6 6. axb5 cxb5 7. b3 Bb4+ 8. Bd2 Bxd2+ 9. Nbxd2 a5 10. bxc4 b4 11. c5 Nf6 12. Nc4 O-O 13. Bd3 Nc6 14. Qa4 Bd7 15. Qc2 Qc7 16. Nb6 Ra7 17. O-O Rb8 18. Rfb1 h6 19. h3 Be8 20. Nd2 Nd5 21. Ndc4 Nc3 22. Rb2 Qd8 23. Bh7+ Kh8 24. Be4 f5 25. Bxc6 Bxc6 26. Rxb4 axb4 27. Rxa7 Qg5 28. f4 Qg3 29. Qf2 Qxf2+ 30. Kxf2 b3 31. Ra3 Nd1+ 32. Ke2 b2 33.
Nd2 Be4 34. Kxd1 b1=Q+ 35. Nxb1 Bxb1 36. Ra8 Rxa8 37. Nxa8 Be4 38. Nc7 Bxg2 39. Nxe6 Kg8 40. h4 Kf7 41. Nc7 Ke7 42. Nb5 Kd7 43. Kd2 Kc6 44.
Nc3 Bf3 45. Kd3 g6 46. Kc4 Bg2 47. d5+ 1-0

[Event "*** Titled Tuesday Blitz"]
[Site "Chess.com"]
[Date "2020.01.07"]
[Round "4"]
[White "Durarbayli"]
[Black "viktorskliarov"]
[Result "1/2-1/2"]
[WhiteElo "2841"]
[BlackElo "2581"]
[TimeControl "180+2"]
[EndTime "13:54:38 PST"]
[Termination "Game drawn by repetition"]

1. c4 e5 2. g3 Nf6 3. Bg2 c6 4. d4 exd4 5. Qxd4 Na6 6. Nf3 Bc5 7. Qe5+ Be7 8. O-O O-O 9. b3 Re8 10. Qb2 d5 11. Rd1 Qb6 12. Be3 Bc5 13. Bxc5 Nxc5 14.
cxd5 Nxd5 15. Na3 Na4 16. Qc2 Nac3 17. Re1 Ne4 18. e3 Nb4 19. Qe2 Be6 20. Nd4 Bd5 21. Nc4 Bxc4 22. bxc4 Rad8 23. a3 Na6 24. Qg4 Nf6 25. Qg5 h6 26. Qf4 Qc7 27. Qxc7 Nxc7 28. Rab1 c5 29. Rxb7 cxd4 30. Rxc7 dxe3 31. Rxe3 Rd1+ 32.
Bf1 Rxe3 33. fxe3 Ne4 34. Kg2 f5 35. c5 Rd2+ 36. Kg1 Rd1 37. Kg2 Rd2+ 38. Kg1 Rd1 39. Kg2 1/2-1/2

[Event "*** Titled Tuesday Blitz"]
[Site "Chess.com"]
[Date "2020.01.07"]
[Round "4"]
[White "Philosopherrr"]
[Black "Dhaydon19"]
[Result "0-1"]
[WhiteElo "2450"]
[BlackElo "2687"]
[TimeControl "180+2"]
[EndTime "13:54:42 PST"]
[Termination "Dhaydon19 won by resignation"]

1. e4 c6 2. d4 d5 3. exd5 cxd5 4.
c4 Nf6 5. Nc3 e6 6. Nf3 dxc4 7.
Bxc4 Be7 8. O-O O-O 9. Bg5 a6 10.
a3 b5 11. Ba2 Bb7 12. Re1 Nbd7 13. Rc1 Nb6 14. Qd3 Rc8 15. Bb1 g6 16. Bh6 Re8 17.
Ne5 Nc4 18. Qe2 Qxd4 19. Nxf7 Qg4 20. f3 Bxf3 21. Qxf3 Qxf3 22. gxf3 Kxf7 23. Ba2 Bc5+ 24. Kg2 Nxb2 25. Ne4 Nxe4 26. Rxe4 Rc6 27. Rc2 Nd3 28.
Rd2 Rd8 29. Bb1 Rcd6 30. Bxd3 Rxd3 31. Rf4+ Kg8 32. Rc2 Rd2+ 33. Rxd2 Rxd2+ 34. Kh3 Bd6 35. Re4 Rxh2+ 36. Kg4 Rxh6 37. Rxe6 Bxa3 38. Rxa6 Bf8 39. Rb6 b4 40. Rb7 Rh5 41. f4 Rf5 0-1

[Event "*** Titled Tuesday Blitz"]
[Site "Chess.com"]
[Date "2020.01.07"]
[Round "4"]
[White "Walter_White_Poland"]
[Black "WarlordX"]
[Result "1-0"]
[WhiteElo "2255"]
[BlackElo "2471"]
[TimeControl "180+2"]
[EndTime "13:54:42 PST"]
[Termination "Walter_White_Poland won by checkmate"]

1. e4 c5 2. Nf3 d6 3. d4 cxd4 4.
Nxd4 Nf6 5. Nc3 a6 6. Bg5 e6 7. f4 Be7 8. Qf3 Qc7 9. O-O-O h6 10. Bh4 Nbd7 11. Bd3 b5 12. e5 Bb7 13. Nxe6 fxe6 14. Bg6+ Kd8 15. exf6 Bxf6 16. Qh3 Bxh4 17. Qxh4+ Nf6 18. Ne4 Bxe4 19. Bxe4 Ra7 20. Bg6 Qc5 21. Rhe1 Re7 22. Qh3 Kd7 23. Bf7 Qc4 24. f5 Qf4+ 25. Kb1 e5 26. Be6+ Rxe6 27. fxe6+ Ke7 28. Rf1 Qc4 29. Qg3 Rg8 30. Qe3 Kxe6 31. b3 Qc6 32. Qd3 Rc8 33. Rd2 e4 34. Qh3+ Kf7 35. Qh5+ Kg8 36.
Rxf6 gxf6 37. Qg6+ Kf8 38. Qxf6+ Ke8 39. Qe6+ Kf8 40.
Rf2+ Kg7 41. Rf7+ Kg8 42. Qg6+ Kh8 43. Qg7# 1-0

[Event "*** Titled Tuesday Blitz"]
[Site "Chess.com"]
[Date "2020.01.07"]
[Round "4"]
[White "FelixJoseYnojosa"]
[Black "GMBenjaminBok"]
[Result "0-1"]
[WhiteElo "2652"]
[BlackElo "2874"]
[TimeControl "180+2"]
[EndTime "13:54:46 PST"]
[Termination "GMBenjaminBok won by resignation"]

1. e4 c5 2. c3 Nf6 3. e5 Nd5 4. d4 cxd4 5. cxd4 d6 6. Nf3 Nc6 7. Bc4 dxe5 8. dxe5 Ndb4 9. Qb3 e6 10. O-O Na5 11. Bb5+ Bd7 12. Qa4 Bxb5 13. Qxb5+ Nac6 14. Nc3 a6 15. Qe2 Qd3 16. Rd1 Qxe2 17. Nxe2 Bc5 18. Bg5 h6 19. Bh4 g5 20. Bg3 Rd8 21. Rxd8+ Kxd8 22.
a3 Nd5 23. h4 g4 24. Nd2 Nd4 25. Kf1 Ke7 26. Rc1 Nxe2 27. Rxc5 Nd4 28. h5 Nf5 29. Ne4 Kd7 30. Nd6 Nxd6 31. exd6 Rc8 32. Rxc8 Kxc8 33. Ke2 Kd7 34. Kd3 Nf6 35. Bf4 Nxh5 36.
Bxh6 Kxd6 37. Be3 Kd5 38. f3 gxf3 39. gxf3 Ng7 40. Bd4 Nf5 41. Bf2 Nd6 42. b3 e5 43.
a4 e4+ 44. fxe4+ Nxe4 45. Be1 f5 46. Ke3 Nc5 47. Kf4 Nd3+ 48. Kxf5 Nxe1 0-1

[Event "*** Titled Tuesday Blitz"]
[Site "Chess.com"]
[Date "2020.01.07"]
[Round "4"]
[White "Proteuo"]
[Black "TwentyHoursADay"]
[Result "0-1"]
[WhiteElo "2310"]
[BlackElo "2423"]
[TimeControl "180+2"]
[EndTime "13:54:46 PST"]
[Termination "TwentyHoursADay won by checkmate"]

1. e4 c5 2. Ne2 e6 3. g3 d5 4. Bg2 dxe4 5. Bxe4 Nf6 6. Bg2 Nc6 7.
O-O Be7 8. c3 O-O 9. d4 Bd7 10.
h3 Qc8 11. Kh2 Rd8 12. Be3 c4 13. Nd2 b5 14. f4 Nd5 15. Bg1 Rb8 16. a3 a5 17. a4 Qa6 18. axb5 Qxb5 19. Ra2 h5 20. Nc1 h4 21. Ne4 hxg3+ 22. Nxg3 Bd6 23. Bxd5 Qxd5 24.
Be3 Ne7 25. Rg1 Bc6 26. Qg4 Ng6 27. h4 Rb5 28. h5 Ne7 29. Nce2 Kf8 30. h6 gxh6 31. Qh4 Ng6 32. Qf6 Ke8 33. f5 exf5 34. Bxh6 Kd7 35. Raa1 Rh8 36. Qg7 Bf8 37. Qf6 Rxh6+ 38. Nh5 Rxh5+ 39. Kg3 Qf3# 0-1

[Event "*** Titled Tuesday Blitz"]
[Site "Chess.com"]
[Date "2020.01.07"]
[Round "4"]
[White "yoolund"]
[Black "spectralsoul"]
[Result "0-1"]
[WhiteElo "2509"]
[BlackElo "2868"]
[TimeControl "180+2"]
[EndTime "13:54:48 PST"]
[Termination "spectralsoul won on time"]

1. d4 Nf6 2. Bg5 c5 3. Bxf6 gxf6 4. d5 Qb6 5. Qc1 f5 6. c4 Bg7 7.
Nc3 d6 8. e3 Nd7 9. Nf3 O-O 10. Qc2 e6 11. Bd3 Ne5 12. Nxe5 dxe5 13. O-O e4 14. Be2 Rd8 15. Rad1 Qa5 16. f3 exf3 17.
Rxf3 Bd7 18. Rdf1 Be8 19. e4 fxe4 20. Qxe4 Qb6 21. Bd3 f5 22. Qxe6+ Qxe6 23. dxe6 Bc6 24. Rg3 Kh8 25. Bxf5 Be5 26. Rh3 Rd2 27. Ne4 Rxb2 28. Bxh7 Rd8 29. e7 Rd4 30. Rhf3 Kxh7 31. Rf7+ Kg6 32.
Nf2 Kxf7 0-1

[Event "*** Titled Tuesday Blitz"]
[Site "Chess.com"]
[Date "2020.01.07"]
[Round "4"]
[White "cstevens1"]
[Black "yy2324"]
[Result "0-1"]
[WhiteElo "2653"]
[BlackElo "2540"]
[TimeControl "180+2"]
[EndTime "13:54:49 PST"]
[Termination "yy2324 won by resignation"]

1. Nf3 Nf6 2. c4 d5 3. cxd5 Nxd5 4. Nc3 Nxc3 5. bxc3 g6 6. e4 Bg7 7. d4 c5 8. Be3 Qa5 9. Qd2 Nc6 10. Rc1 cxd4 11.
cxd4 Qxd2+ 12. Kxd2 O-O 13. d5 Rd8 14. Bb5 e6 15.
Bxc6 bxc6 16. Rxc6 exd5 17. e5 d4 18. Bxd4 Bb7 19.
Rc4 Bxf3 20. gxf3 Bxe5 21. Ke3 Rxd4 22. Rxd4 Bxd4+ 23. Kxd4 Rb8 24. Kc3 Rb5 25. Rg1 Ra5 26. Kb3 Rh5 27. Rg2 Kg7 28. a4 Kf6 29. Kb4 Ke6 30.
a5 Kd6 31. f4 Kc6 32. Rg5 Rxh2 33. Rc5+ Kd6 34. Rc2 Rh4 35. Kb5 Rxf4 36. Ka6 Ra4 37. Rd2+ Ke6 38. Rc2 h5 39. Rc6+ Kd7 40. Rf6 Ke7 41.
Rc6 h4 42. Rc7+ Kf6 43. Rxa7 h3 44. Rc7 Ra1 0-1